 Dungeon Crawl Stone Soup version 0.31-a0-1591-g515db51633 (webtiles) character file.

Game seed: 16735837685110020110

1728 BigPumpCobain the Ruffian (level 8, -1/117 HPs)
             Began as a Troll Shapeshifter on Jan 6, 2024.
             Slain by an orc warrior
             ... wielding a +0 war axe
              (8 damage)
             ... on level 6 of the Dungeon.
             The game lasted 00:05:44 (4029 turns).

BigPumpCobain the Ruffian (Troll Shapeshifter)      Turns: 4029, Time: 00:05:45

Health: -1/117     AC: 24    Str: 25    XL:     8   Next: 76%
Magic:  7/7        EV:  1    Int:  6    God:
Gold:   330        SH:  9    Dex:  9    Spells: 7/7 levels left

rFire   . .          .
                       - Unarmed
rCold   . . .        e - +1 kite shield
rNeg    . . .        a - melded +0 animal skin
rPois   +            (helmet currently unavailable)
rElec   .            (cloak currently unavailable)
rCorr   .            (gloves unavailable)
SInv    .            (boots unavailable)
Will    .....        (no amulet)
Stlth   +            (no ring)
HPRegen 1.19/turn    (no ring)
MPRegen 0.10/turn

%: no passive effects
@: tree-form
A: stationary, stasis, torment immunity, boosted hp, large, unfitting armour,
(claws 3), regeneration 1, (shaggy fur 1), (tough skin 1)
a: no special abilities


You were on level 6 of the Dungeon.
You were a tree.
You visited 1 branch of the dungeon, and saw 6 of its levels.

You collected 330 gold pieces.

Inventory:

Armour
 a - a +0 animal skin (melded)
 e - a +1 kite shield (worn)
Talismans
 c - a beast talisman
 d - a flux talisman
Wands
 m - a wand of polymorph (6)
 p - a wand of flame (28)
Scrolls
 f - 2 scrolls of identify
 h - 2 scrolls of amnesia
 k - 3 scrolls of fog
 n - a scroll of blinking
 o - a scroll of revelation
Potions
 g - 4 potions of brilliance
 i - 4 potions of attraction
 j - a potion of curing
 l - a potion of haste
 q - a potion of might


   Skills:
 + Level 3.6 Fighting
 - Level 1.5 Dodging
 + Level 3.7 Shields
 * Level 7.2 Unarmed Combat
 * Level 6.7 Shapeshifting


You had 7 spell levels left.
You didn't know any spells.
Your spell library contained the following spells:

 Spells                   Type           Power      Damage    Failure   Level
 Sandblast                Erth           0%         2d4       71%         1
 Sting                    Conj/Alch      0%         1d3       71%         1
 Cigotuvi's Dreadful Rot  Necr/Alch/Air  0%         N/A       83%         2
 Mercury Vapours          Alch/Air       0%         N/A       83%         2
 Passwall                 Erth           0%         N/A       97%         3
 Stone Arrow              Conj/Erth      0%         3d7       97%         3
 Brom's Barrelling Bould  Conj/Erth      0%         2d3       100%        4
 Dispel Undead            Necr           0%         3d6       100%        4
 Martyr's Knell           Necr/Summ      0%         N/A       100%        4
 Olgreb's Toxic Radiance  Alch           0%         N/A       100%        4
 Death Channel            Necr           0%         N/A       100%        6


Dungeon Overview and Level Annotations

Branches:
Dungeon (6/15)
 Temple: D:4-7

Altars:
Hepliaklqana
Nemelex Xobeh
Ru
Xom

Shops:
D:4 =:([   D:5 :(   D:6 (


Innate Abilities, Weirdness & Mutations

You are a tree.
Your roots penetrate the ground, keeping you stationary.
You cannot be teleported.
You are immune to unholy pain and torment.
Your maximum health is greatly increased.
Your equipment is partially melded.
You are too large for most types of armour.
((You have claws for hands.))
Your natural rate of healing is unusually fast.
((You are covered in fur. (AC +1)))
((You have tough skin. (AC +1)))


Message History

You are too injured to fight recklessly!
You are too injured to fight recklessly!
You are too injured to fight recklessly!
You are too injured to fight recklessly!
You are too injured to fight recklessly!
You claw the orc!
You kill the orc!
The orc warrior throws a boomerang.
The boomerang hits you!
You swing at nothing.
You scratch the orc priest.
The orc priest is lightly wounded.
You block the orc priest's attack.
The orc warrior hits you with a +0 war axe!
You mangle the orc priest!!
You kill the orc priest!
The orc warrior barely misses you.
You completely miss the orc warrior. The orc warrior closely misses you.
You closely miss the orc warrior.
The orc warrior hits you with a +0 war axe.
You barely miss the orc warrior. The orc warrior barely misses you.
You claw the orc warrior!
The orc warrior is moderately wounded.
The orc warrior hits you with a +0 war axe!!
* * * LOW HITPOINT WARNING * * *
Your transformation has ended.
You turn into a tree.
Your +0 animal skin melds into your body.
Your roots penetrate the ground.
The orc warrior hits you with a +0 war axe!
* * * LOW HITPOINT WARNING * * *
You smack the orc warrior!
The orc warrior is severely wounded.
You block the orc warrior's attack.
You barely miss the orc warrior.
The orc warrior is severely wounded.
The orc warrior hits you but does no damage.
You hit the orc warrior but do no damage.
The orc warrior is severely wounded.
The orc warrior hits you with a +0 war axe!
You die...

..##..... .. ...#...##
.............. #.##....##...
..........
...#.##.................
#.............#.......(#
...†#.........#........# ###
..............##........ ##^##
............<...))...... ##.^^##
...##..##.......♣o......##^._..##
....#..#........#......##......^#
....#......#...##.....##....^....
..........##..###.....#...#####..
.##.......###.###.....##.'#.#.#'.
....[.........#........###..#..##
...###....##..#.##.........###...
...##...#...<....##.....#......##
...##..##.......###.....###.....#


You could see an orc warrior.

Vanquished Creatures
  Grinder (D:5)
  A water moccasin (D:6)
  Duvessa (D:5)
  The ghost of foxglove the Covert, an amateur GnDe (D:5)
  An ice beast (D:6)
  4 ogres
  A phantom (D:4)
  A water moccasin zombie (D:5)
  A scorpion (D:4)
  Dowan (D:5)
  A bombardier beetle (D:4)
  A hound (D:5)
  A jelly (D:4)
  Crazy Yiuf (D:2)
  2 orc priests (D:6)
  2 bullfrog skeletons (D:5)
  A sleepcap (D:6)
  3 iguanas
  7 gnolls
  6 adders
  2 white imps
  3 dart slugs
  2 ribbon worms (D:2)
  8 orcs
  5 ball pythons
  5 bats
  9 endoplasms
  3 giant cockroaches
  5 goblins
  5 hobgoblins
  3 kobolds
  2 quokkas
  4 frilled lizards
  2 rats
96 creatures vanquished.

Notes
Turn   | Place    | Note
-------+----------+-------------------------------------------
     0 | D:1      | BigPumpCobain the Troll Shapeshifter began the quest for
                  | the Orb.
     0 | D:1      | Reached XP level 1. HP: 18/18 MP: 0/0
   306 | D:1      | Reached skill level 1 in Fighting
   307 | D:1      | Reached XP level 2. HP: 27/27 MP: 1/1
   810 | D:2      | Reached XP level 3. HP: 14/33 MP: 2/2
   966 | D:2      | Reached skill level 1 in Shields
  1073 | D:2      | Reached XP level 4. HP: 34/41 MP: 3/3
  1359 | D:2      | Found a runed translucent door.
  1360 | D:2      | Noticed Crazy Yiuf
  1728 | D:2      | Killed Crazy Yiuf
  1729 | D:2      | Reached skill level 4 in Unarmed Combat
  1791 | D:3      | Identified the +5 spear of Twilight {flame, rPois}
  1794 | D:3      | Noticed an ogre
  1801 | D:3      | Killed an ogre
  1802 | D:3      | Reached XP level 5. HP: 45/49 MP: 4/4
  2043 | D:3      | Found a shimmering altar of Xom.
  2192 | D:4      | Reached XP level 6. HP: 57/57 MP: 5/5
  2254 | D:4      | Found Vechiyn's Armour Shop.
  2323 | D:4      | Found Ryrad's Antique Weapon Shoppe.
  2344 | D:4      | Found Yseunime's Book Emporium.
  2370 | D:4      | Reached skill level 5 in Unarmed Combat
  2483 | D:4      | Found Nyapn's Jewellery Shoppe.
  2557 | D:4      | Reached skill level 5 in Shapeshifting
  2557 | D:4      | Reached XP level 7. HP: 64/66 MP: 6/6
  2817 | D:4      | Found a hazy altar of Hepliaklqana.
  2866 | D:5      | Entered Level 5 of the Dungeon
  2866 | D:5      | Found Faciuff's Weapon Emporium.
  2909 | D:5      | Found a sacrificial altar of Ru.
  3016 | D:5      | Found Nax Zits's Self-Improvement Boutique.
  3237 | D:5      | Found a runed translucent gate.
  3237 | D:5      | Found a runed translucent gate.
  3237 | D:5      | Found a runed translucent gate.
  3243 | D:5      | Noticed foxglove's ghost (amateur GnDe)
  3250 | D:5      | Noticed Duvessa
  3253 | D:5      | Noticed Dowan
  3260 | D:5      | Killed Duvessa
  3261 | D:5      | Reached skill level 6 in Unarmed Combat
  3266 | D:5      | Killed Dowan
  3371 | D:5      | Noticed Grinder
  3379 | D:5      | Killed Grinder
  3380 | D:5      | Reached XP level 8. HP: 64/75 MP: 7/7
  3702 | D:5      | Killed foxglove's ghost
  3793 | D:6      | Reached skill level 7 in Unarmed Combat
  3936 | D:6      | Found a sparkling altar of Nemelex Xobeh.
  3963 | D:6      | Found Femikk's Antique Weapon Shop.
  4026 | D:6      | HP: 4/117 [orc warrior/+0 war axe (10)]
  4029 | D:6      | Slain by an orc warrior

Illustrated notes

Levels and vault maps discovered:
D:1:      lightli_arrival_windingriver, layout_basic
D:2:      layout_basic, uniq_crazy_yiuf_cottage
D:3:      layout_rooms, overflow_temple_1_default, nicolae_titane
D:4:      layout_loops_cross, mainiacjoe_overflow_alcove_1, serial_shops,
          nicolae_shop_gibbet_a_chance, nicolae_book_shop_shelving,
          nicolae_shop_rolling_square, nicolae_square_shop, minmay_ruptured
D:5:      layout_loops_ring, nicolae_ru_sacrificial_ziggurat,
          gammafunk_ghost_necromancy, serial_shops, shop_statue,
          nicolae_shop_self_help, uniq_duvessa, uniq_grinder
D:6:      layout_cave_pools, mainiacjoe_overflow_chevrons,
          nemelex_spade_bored_becter, lemuel_tele_altar, serial_shops,
          nicolae_shop_back_alley_shop, nicolae_take_the_stairs

Skill      XL: |  1  2  3  4  5  6  7  8 |
---------------+-------------------------+-----
Fighting       | 1 2 3 |  3.6
Shields        | 1 2 3 |  3.7
Unarmed Combat | 4 5 6 7 |  7.2
Shapeshifting  | 4 5 6 |  6.7
Dodging        | |  1.5

Action                     |  1- 3 |  4- 6 |  7- 9 || total
---------------------------+-------+-------+-------++-------
  Melee: Unarmed           |    67 |    99 |    92 ||   258
    Use: Scroll            |     6 |     4 |     1 ||    11
         Potion            |       |       |     1 ||     1
   Stab: Sleeping          |     1 |       |       ||     1
 Armour: Animal skin       |    44 |    35 |    57 ||   136
         Skin              |       |       |     3 ||     3
  Dodge: Dodged            |    14 |    25 |    32 ||    71
  Block: Kite shield       |    24 |    23 |    32 ||    79

Table legend: (Time is in decaauts)
 A = Elapsed time spent in this place.
 B = Non-inter-level travel time spent in this place.
 C = Inter-level travel time spent in this place.
 D = Time resting spent in this place.
 E = Time spent auto-exploring this place.
 F = Levels seen in this place.
 G = Mean time per level.
                   A        B        C        D        E       F      G
               +--------+--------+--------+--------+--------+-----+--------+
         Total |   4037 |   3930 |    107 |     45 |   3271 |   6 |  672.8 |
       Dungeon |   4037 |   3930 |    107 |     45 |   3271 |   6 |  672.8 |
               +--------+--------+--------+--------+--------+-----+--------+

Top non-repeatable levels by time:
     D:2: 976 daAuts
     D:5: 912 daAuts
     D:1: 788 daAuts
     D:4: 711 daAuts
     D:3: 398 daAuts
     D:6: 250 daAuts
